 Dungeon Crawl Stone Soup version 0.30-a0-1163-gf69bf04e7a (webtiles) character file.

Game seed: 6582896736123120576

177 olmar the Covered (level 5, -6/33 HPs)
             Began as a Gargoyle Fighter on Apr 29, 2023.
             Splashed by a jelly's acid (9 damage)
             ... on level 4 of the Dungeon.
             The game lasted 00:02:32 (2086 turns).

olmar the Covered (Gargoyle Fighter)                Turns: 2086, Time: 00:02:33

Health: -6/33      AC: 11    Str: 22    XL:     5   Next: 57%
Magic:  5/5        EV:  9    Int:  8    God:
Gold:   123        SH:  4    Dex:  9    Spells: 4/4 levels left

rFire   . . .        a - +0 flail
rCold   . . .        c - +0 buckler
rNeg    + . .        b - +0 scale mail
rPois   ∞            (no helmet)
rElec   +            (no cloak)
rCorr   .            (no gloves)
SInv    .            (no boots)
Will    .....        (no amulet) Stlth
                     (no ring)
HPRegen 0.25/turn    (no ring)
MPRegen 0.09/turn

%: no passive effects
@: no status effects
A: sickness immunity, AC +4, negative energy resistance 1, electricity
resistance, torment resistance 1, petrification resistance
a: no special abilities


You were on level 4 of the Dungeon.
You visited 1 branch of the dungeon, and saw 4 of its levels.

You collected 123 gold pieces.

Inventory:

Hand Weapons
 a - a +0 flail (weapon)
Armour
 b - a +0 scale mail (worn)
 c - a +0 buckler (worn)
 p - the +0 ring mail of New Discoveries {rN+ Stlth+}
   (You found it on level 4 of the Dungeon)

   rN:        It protects you from negative energy.
   Stlth:     It makes you more stealthy.
Wands
 d - a wand of flame (1)
Scrolls
 f - a scroll of amnesia {unknown}
 g - 7 scrolls of teleportation {unknown}
 h - a scroll of torment {unknown}
 i - a scroll of magic mapping {unknown}
 j - a scroll of enchant weapon {unknown}
 l - 2 scrolls of identify {unknown}
Potions
 e - a potion of resistance
 k - a potion of mutation {unknown}
 m - 2 potions of lignification {unknown}
 n - 3 potions of heal wounds {unknown}
 o - a potion of attraction {unknown}
 q - a potion of curing {unknown}


   Skills:
 + Level 3.7 Fighting
 + Level 3.6 Maces & Flails
 + Level 4.6 Armour
 + Level 0.8 Dodging
 + Level 0.1 Stealth
 + Level 3.8 Shields


You had 4 spell levels left.
You didn't know any spells.
Your spell library contained the following spells:

 Spells                   Type           Power      Damage    Failure   Level
 Ignite Poison            Fire/Tmut/Pois 0%         N/A       99%         3
 Sticky Flame             Conj/Fire      0%         2d3       100%        4
 Borgnjor's Revivificati  Necr           0%         N/A       100%        8
 Ignition                 Fire           0%         3d3       100%        8
 Necromutation            Tmut/Necr      0%         N/A       100%        8
 Death's Door             Necr           0%         N/A       100%        9


Dungeon Overview and Level Annotations

Branches:
Dungeon (4/15)
 Temple: D:4-7

Altars:
Qazlal
Yredelemnul


Innate Abilities, Weirdness & Mutations

You are immune to sickness and miasma.
Your stone body is resilient. (AC +4)
You are immune to poison.
You resist negative energy. (rN+)
You are resistant to electric shocks. (rElec)
You are resistant to unholy torment.
You are immune to petrification.


Message History

You block the iguana's attack.
You sock the iguana!
You kill the iguana!
The kobold hits you with a +0 short sword.
The endoplasm freezes you.
You are frozen.
You hit the kobold.
The kobold is heavily wounded.
The kobold hits you but does no damage. The endoplasm freezes you.
You are frozen.
The kobold hits you but does no damage.
You are too injured to fight recklessly!
You are too injured to fight recklessly!
You are too injured to fight recklessly!
You are too injured to fight recklessly!
You are too injured to fight recklessly!
You are too injured to fight recklessly!
You are too injured to fight recklessly!
You are too injured to fight recklessly!
You are too injured to fight recklessly!
You are too injured to fight recklessly!
Unknown command.
Number of times to repeat, then command key: You must enter the number of times for the command to repeat.
You thump the kobold!
You kill the kobold!
You hit the jelly.
Your hands burn!
The jelly is moderately wounded.
The jelly hits you but does no damage.
You thump the jelly!
Your hands burn!
* * * LOW HITPOINT WARNING * * *
The jelly is severely wounded.
The jelly hits you but does no damage.
You hit the jelly but do no damage.
Your hands burn!
* * * LOW HITPOINT WARNING * * *
The jelly is severely wounded.
The jelly hits you but does no damage. The jelly hits you.
* * * LOW HITPOINT WARNING * * *
You are splashed with acid!
You die...

.)..#####........
................ ..
............# .#
..#............####..#
.......#...##.....#..
..... ##..##.....#.##
..⌠..# ##.##.....#..####
......+##..##............
...PP..#@..##..........#.
#..≈~.JJ.............#.#.
#..PP.†..................
##.......................
#.................))....
##......................
###.###................
#..# #...............
##.# #.............<.


You could see a jelly and an endoplasm.

Vanquished Creatures
  2 iguanas (D:4)
  Ijyb (D:3)
  3 adders
  2 worms (D:2)
  3 dart slugs
  2 bats
  5 endoplasms
  A giant cockroach (D:2)
  5 goblins
  4 hobgoblins
  10 kobolds
  3 quokkas
  9 ball pythons
  4 frilled lizards
  7 rats
61 creatures vanquished.

Notes
Turn   | Place    | Note
-------+----------+-------------------------------------------
     0 | D:1      | olmar the Gargoyle Fighter began the quest for the Orb.
     0 | D:1      | Reached XP level 1. HP: 14/14 MP: 1/1
    79 | D:1      | Reached XP level 2. HP: 16/19 MP: 2/2
   522 | D:1      | Reached XP level 3. HP: 23/23 MP: 3/3
   800 | D:2      | Reached XP level 4. HP: 29/29 MP: 4/4
  1197 | D:3      | Found a basalt altar of Yredelemnul.
  1200 | D:3      | Found a stormy altar of Qazlal.
  1251 | D:3      | Noticed Ijyb
  1268 | D:3      | Killed Ijyb
  1716 | D:3      | Reached skill level 4 in Armour
  1955 | D:4      | Reached XP level 5. HP: 31/33 MP: 5/5
  1973 | D:4      | Identified the +0 ring mail of New Discoveries {rN+ Stlth+}
  2086 | D:4      | Splashed by a jelly's acid

Illustrated notes

Levels and vault maps discovered:
D:1:      tarquinn_simple_flora_water_b, layout_loops_ring,
          amcnicky_mini_rare_corridor_liquid
D:2:      layout_rooms
D:3:      layout_basic, nicolae_overflow_hidden_temple, uniq_ijyb
D:4:      layout_rooms, tso_oasis_becter

Skill      XL: |  1  2  3  4 |
---------------+-------------+-----
Maces & Flails | 3 |  3.6
Armour         | 4 |  4.6
Fighting       | |  3.7
Dodging        | |  0.8
Stealth        | |  0.1
Shields        | |  3.8

Action                     |  1- 3 |  4- 6 || total
---------------------------+-------+-------++-------
  Melee: Flail             |    99 |   123 ||   222
    Use: Potion            |       |     2 ||     2
 Armour: Scale mail        |    47 |    68 ||   115
  Dodge: Dodged            |    49 |    63 ||   112
  Block: Buckler           |    22 |    28 ||    50

Table legend: (Time is in decaauts)
 A = Elapsed time spent in this place.
 B = Non-inter-level travel time spent in this place.
 C = Inter-level travel time spent in this place.
 D = Time resting spent in this place.
 E = Time spent auto-exploring this place.
 F = Levels seen in this place.
 G = Mean time per level.
                   A        B        C        D        E       F      G
               +--------+--------+--------+--------+--------+-----+--------+
         Total |   2148 |   2043 |    105 |     57 |   1496 |   4 |  537.0 |
       Dungeon |   2148 |   2043 |    105 |     57 |   1496 |   4 |  537.0 |
               +--------+--------+--------+--------+--------+-----+--------+

Top non-repeatable levels by time:
     D:3: 832 daAuts
     D:1: 696 daAuts
     D:2: 470 daAuts
     D:4: 150 daAuts
